 Dungeon Crawl Stone Soup version 0.21.1-1-g345015f (webtiles) character file.

11 suicidejoker the Sneak (level 2, -1/19 HPs)
             Began as an Octopode Assassin on Apr 15, 2018.
             Slain by a jackal (2 damage)
             ... on level 1 of the Dungeon.
             The game lasted 00:00:29 (188 turns).

suicidejoker the Sneak (Octopode Assassin)           Turns: 188, Time: 00:00:30

Health: -1/19      AC:  1    Str: 10    XL:     2   Next: 25%
Magic:  3/3        EV: 13    Int: 13    God:
Gold:   10         SH:  0    Dex: 15    Spells: 2/2 levels left

rFire    . . .     SeeInvis +   a - +2 dagger
rCold    . . .     Gourm    .   (no shield)
rNeg     . . .     Faith    .   (helmet restricted)
rPois    .         Spirit   .   (no amulet)
rElec    .         Reflect  .   e - ring of see invisible
rCorr    .         Harm     .   (no ring)
MR       .....                  (no ring)
Stlth    ++++......             (no ring)
HPRegen  0.06/turn              (no ring)
MPRegen  0.08/turn              (no ring)
                                (no ring)
                                (no ring)

@: no status effects
A: almost no armour, stealthy swim, amphibious, 8 rings, constrict 8, camouflage
1, agile 1, gelatinous body 1, evolution 1
a: no special abilities


You were on level 1 of the Dungeon.
You were not hungry.

You visited 1 branch of the dungeon, and saw 1 of its levels.

You collected 10 gold pieces.

Inventory:

Hand Weapons
 a - a +2 dagger (weapon)
 b - a +0 blowgun
Missiles
 c - 8 poisoned needles
 d - 2 curare-tipped needles
 g - a stone (quivered)
Jewellery
 e - a ring of see invisible (left tentacle)
 j - an uncursed amulet of guardian spirit {unknown}
Scrolls
 i - a scroll of identify {unknown}
Comestibles
 f - a ration


   Skills:
 + Level 2.1 Fighting
 + Level 2.1 Short Blades
 - Level 2.0 Throwing
 + Level 1.2 Dodging
 + Level 5.4 Stealth
 * Level 0.8 Spellcasting


You had 2 spell levels left.
You didn't know any spells.

Dungeon Overview and Level Annotations

Branches:
Dungeon (1/15)

Altars:


Innate Abilities, Weirdness & Mutations

You cannot wear most types of armour.
You are very stealthy in the water. (Stealth+)
You are amphibious.
You can wear up to eight rings at the same time.
You can use your tentacles to constrict eight enemies at once.
Your skin changes colour to match your surroundings (Stealth+).
Your rubbery body absorbs attacks. (AC +1, EV +1)
You are agile. (Dex +2)
You evolve.


Message History

You kill the jackal!
The jackal misses you. The kobold hits you.
You are too injured to fight recklessly!
You are too injured to fight recklessly!
You are too injured to fight recklessly!
You are too injured to fight recklessly!
You are too injured to fight recklessly!
You are too injured to fight recklessly!
You are too injured to fight recklessly!
You barely miss the jackal. Your grab misses the jackal.
The jackal bites you. x2
* * * LOW HITPOINT WARNING * * *
A kobold comes into view.
The kobold throws a stone.
The stone hits you.
* * * LOW HITPOINT WARNING * * *
You see here a stone.
It was a potion of mutation.
You feel extremely strange.
You feel agile.
You feel nature experimenting on you.
Don't worry, failures die fast.
The jackal bites you.
You die...

$...... K...... .......#
....... ..#......#
......( #..........#
....... #.#.#......#
.......
#.#.#......##.......
#.#.# #............
#.#.####...h........
######.#........@.K......
.........................
#...........#####.?...##.
#...........# #.....#
#...........# #.....#
#...........# #.....#
#...........# #.....#
#...........# .....#
#...........#


You could see a jackal and a kobold.

Vanquished Creatures
  A leopard gecko (D:1)
  2 goblins (D:1)
  A jackal (D:1)
  A kobold (D:1)
  2 bats (D:1)
  3 rats (D:1)
10 creatures vanquished.

Notes
Turn   | Place    | Note
-------+----------+-------------------------------------------
     0 | D:1      | suicidejoker the Octopode Assassin began the quest for the Orb.
     0 | D:1      | Reached XP level 1. HP: 14/14 MP: 1/1
    92 | D:1      | Reached XP level 2. HP: 19/19 MP: 1/3
   188 | D:1      | Gained mutation: You are agile. (Dex +2) [potion of mutation]
   188 | D:1      | Gained mutation: You evolve. [potion of mutation]
   188 | D:1      | Slain by a jackal

Action                   || total
-------------------------++-------
Melee: Dagger            ||    26
       Tentacles         ||     4
       Constrict         ||     5
  Use: Potion            ||     1
 Stab: Sleeping          ||     1
Armor: Skin              ||     7
Dodge: Dodged            ||    33
